 Dungeon Crawl Stone Soup version 0.26-a0-1033-gd598b01645 (webtiles) character file.

Game seed: 2379931145938888437

511 pkoi the Conjurer (level 6, -2/45 HPs)
             Began as a Draconian Conjurer on Dec 11, 2020.
             Slain by Grinder (5 damage)
             ... on level 4 of the Dungeon.
             The game lasted 00:06:55 (4057 turns).

pkoi the Conjurer (Draconian Conjurer)              Turns: 4057, Time: 00:06:55

Health: -2/45      AC:  6    Str:  9    XL:     6   Next: 99%
Magic:  3/9        EV: 12    Int: 20    God:
Gold:   287        SH:  0    Dex: 10    Spells: 2/9 levels left

rFire    . . .     SeeInvis .   b - +1 dagger (venom)
rCold    . . .     Faith    .   (no shield)
rNeg     . . .     Spirit   .   (armour unavailable)
rPois    .         Reflect  .   (helmet restricted)
rElec    .         Harm     .   (no cloak)
rCorr    .         Rampage  .   (no gloves)
Will     .....                  (no boots)
Stlth    ++........             (no amulet)
HPRegen  0.15/turn              (no ring)
MPRegen  0.11/turn              (no ring)

@: no status effects
A: unfitting armour, cold-blooded, AC +6
a: no special abilities


You were on level 4 of the Dungeon.
You visited 1 branch of the dungeon, and saw 4 of its levels.

You collected 287 gold pieces.

Inventory:

Hand Weapons
 b - a +1 dagger of venom (weapon)
Armour
 k - a -1 pair of gloves
Jewellery
 r - an uncursed ring of protection from fire {unknown}
Wands
 m - a wand of flame (14)
Scrolls
 a - 3 scrolls of teleportation
 d - a scroll of enchant weapon
 j - a scroll of amnesia {unknown}
 l - a scroll of enchant armour
 p - a scroll of blinking {unknown}
 s - a scroll of noise {unknown}
Potions
 c - a potion of berserk rage {unknown}
 e - a potion of heal wounds {unknown}
 f - a potion of attraction {unknown}
 g - a potion of degeneration {unknown}
 h - a potion of lignification {unknown}
 i - a potion of resistance
 n - a potion of curing {unknown}
 o - a potion of might
 q - a potion of flight {unknown}


   Skills:
 - Level 1.7 Dodging
 - Level 1.7 Stealth
 - Level 2.0 Spellcasting
 + Level 7.9 Conjurations
 + Level 2.3 Hexes


You had 2 spell levels left.
You knew the following spells:

 Your Spells              Type           Power        Failure   Level
a - Magic Dart            Conj           ####         1%          1
b - Searing Ray           Conj           ####..       1%          2
c - Fulminant Prism       Conj/Hex       ###.......   19%         4

Your spell library contained the following spells:

 Spells                   Type           Power        Failure   Level
 Dazzling Flash           Conj/Hex       ###...       6%          3
 Iskenderun's Mystic Bla  Conj/Tloc      ###.....     30%         4


Dungeon Overview and Level Annotations

Branches:
Dungeon (4/15)
 Temple: D:4-7

Altars:
Ashenzari
Elyvilon
Gozag
Yredelemnul

Annotations:
D:4 Grinder


Innate Abilities, Weirdness & Mutations

Your plain brown scales are hard. (AC +6)
You cannot fit into any form of body armour.
You are cold-blooded and may be slowed by cold attacks.


Message History

Grinder is heavily wounded.
You finish channeling your searing ray.
Grinder hits you.
You writhe in agony.
Unknown command.
You closely miss Grinder.
Grinder is heavily wounded.
Grinder hits you.
You writhe in agony.
You barely miss Grinder.
Grinder is heavily wounded.
Grinder hits you.
You writhe in agony.
You hit Grinder but do no damage.
Your tail-slap misses Grinder.
Grinder is heavily wounded.
Grinder gestures at you. Pain shoots through your body!
* * * LOW HITPOINT WARNING * * *
You hit Grinder but do no damage. You tail-slap Grinder.
Grinder is heavily wounded.
Grinder hits you.
* * * LOW HITPOINT WARNING * * *
You writhe in agony.
You die...

######## #..#..... #......#
.?.......# #........ .......#
........###........ .......#
.........###..#.... ......##
#...?.... #....... .....##
#...... #.....## .....# #....#
####....## ##.###
#....####......## #...########
#.@5..........(.###
#..........###.....#..........##
#............>..####...........#
##.####........###
#............. ...# #....#...#
#............. #### #...##..##
##............> # #..##..##
#.............. # ####...#
#.............. # #..##
#..............


You could see Grinder.

Vanquished Creatures
  Menkaure (D:4)
  2 phantoms (D:4)
  A quasit (D:4)
  Jessica (D:2)
  A worker ant (D:4)
  5 adders
  An ooze (D:1)
  An adder skeleton (D:4)
  A leopard gecko (D:1)
  5 orcs
  A ball python (D:2)
  3 giant cockroaches
  6 hobgoblins
  9 jackals
  A quokka (D:2)
  7 bats
  8 frilled lizards
  12 goblins
  6 kobolds
  9 rats
81 creatures vanquished.

Notes
Turn   | Place    | Note
-------+----------+-------------------------------------------
     0 | D:1      | pkoi the Draconian Conjurer began the quest for the Orb.
     0 | D:1      | Reached XP level 1. HP: 14/14 MP: 3/3
   192 | D:1      | Reached XP level 2. HP: 20/20 MP: 3/5
   730 | D:1      | Reached skill level 5 in Conjurations
   801 | D:1      | Reached XP level 3. HP: 26/26 MP: 6/6
  1455 | D:2      | Learned a level 2 spell: Searing Ray
  1488 | D:2      | Noticed Jessica
  1494 | D:2      | Killed Jessica
  1495 | D:2      | Reached XP level 4. HP: 33/33 MP: 4/7
  1847 | D:2      | Reached skill level 6 in Conjurations
  2126 | D:3      | Found a faded altar of an unknown god.
  2468 | D:3      | Reached XP level 5. HP: 21/38 MP: 8/8
  2773 | D:3      | Found a white marble altar of Elyvilon.
  2881 | D:3      | Found a basalt altar of Yredelemnul.
  3425 | D:4      | Found a broken altar of Ashenzari.
  3443 | D:4      | Noticed a phantom
  3462 | D:4      | Killed a phantom
  3463 | D:4      | Reached skill level 7 in Conjurations
  3463 | D:4      | Reached XP level 6. HP: 45/45 MP: 0/9
  3549 | D:4      | Learned a level 4 spell: Fulminant Prism
  3593 | D:4      | Noticed Grinder
  3732 | D:4      | Reached skill level 1 in Hexes
  3867 | D:4      | Found an opulent altar of Gozag.
  4016 | D:4      | Noticed Menkaure
  4022 | D:4      | Killed Menkaure
  4057 | D:4      | Slain by Grinder

Illustrated notes

Levels and vault maps discovered:
D:1:      scummos_arrival_simple_fountains, layout_loops_ring,
          hangedman_glass_teeth, minmay_quantized
D:2:      layout_rooms, uniq_jessica
D:3:      layout_loops_ring, kennysheep_ying_yang,
          chequers_ecumenical_altar_island, chequers_serial_rivers_large_a
D:4:      layout_cave_pods, nicolae_overflow_crystal_walls, lemuel_doored_altar,
          uniq_menkaure, uniq_grinder

Skill      XL: |  1  2  3  4  5  6 |
---------------+-------------------+-----
Conjurations   | 5 6 7 |  7.9
Hexes          | 2 |  2.3
Dodging        | |  1.7
Stealth        | |  1.7
Spellcasting   | |  2.0

Action                   |  1- 3 |  4- 6 || total
-------------------------+-------+-------++-------
Melee: Tailslap          |     5 |     8 ||    13
       Unarmed           |     1 |       ||     1
       Dagger            |    99 |    80 ||   179
 Cast: Magic Dart        |    31 |    88 ||   119
       Searing Ray       |       |     3 ||     3
  Use: Scroll            |       |     8 ||     8
 Stab: Sleeping          |       |     1 ||     1
Armor: Skin              |    46 |    40 ||    86
Dodge: Dodged            |    77 |    65 ||   142

Table legend: (Time is in decaauts)
 A = Elapsed time spent in this place.
 B = Non-inter-level travel time spent in this place.
 C = Inter-level travel time spent in this place.
 D = Time resting spent in this place.
 E = Time spent auto-exploring this place.
 F = Levels seen in this place.
 G = Mean time per level.
                   A        B        C        D        E       F      G
               +--------+--------+--------+--------+--------+-----+--------+
         Total |   4069 |   4003 |     66 |    309 |   3026 |   4 | 1017.2 |
       Dungeon |   4069 |   4003 |     66 |    309 |   3026 |   4 | 1017.2 |
               +--------+--------+--------+--------+--------+-----+--------+

Top non-repeatable levels by time:
     D:1: 1178 daAuts
     D:3: 1135 daAuts
     D:4: 982 daAuts
     D:2: 772 daAuts
